 Dungeon Crawl Stone Soup version 0.19-a0-994-g3c636f0 (webtiles) character file.

284 matakusis the Ducker (level 6, -8/47 HPs)
             Began as a Demonspawn Gladiator on July 17, 2016.
             Mangled by Pikel
             ... wielding a +1 whip of electrocution
              (10 damage)
             ... on level 4 of the Dungeon.
             The game lasted 00:06:51 (2419 turns).

matakusis the Ducker (Demonspawn Gladiator)         Turns: 2419, Time: 00:06:53

Health: -8/47      AC:  6    Str: 15    XL:     6   Next: 7%
Magic:  6/6        EV: 14    Int:  9    God:
Gold:   104        SH:  0    Dex: 16    Spells: 0 memorised, 5 levels left

rFire  . . .     SeeInvis .     a - +0 long sword
rCold  . . .     Gourm    .     b - +0 leather armour
rNeg   . . .     Faith    .     (no shield)
rPois  .         Spirit   .     c - +0 helmet
rElec  .         Dismiss  .     (no cloak)
rCorr  .         Reflect  .     (no gloves)
SustAt .         Harm     .     (no boots)
MR     .....                    (no amulet)
Stlth  +.........               (no ring)
                                h - ring of flight

@: not resistant to hostile enchantments, very unstealthy
A: claws 1, thin metallic scales 1, powered by pain 2
a: Evoke Flight


You were on level 4 of the Dungeon.
You were not hungry.

You visited 1 branch of the dungeon, and saw 4 of its levels.

You collected 104 gold pieces.

Inventory:

Hand Weapons
 a - a +0 long sword (weapon)
Missiles
 d - 2 throwing nets (quivered)
Armour
 b - a +0 leather armour (worn)
 c - a +0 helmet (worn)
Jewellery
 h - a ring of flight (left claw)
Scrolls
 g - a scroll of remove curse
 m - a scroll of teleportation
 r - a scroll of fear
Potions
 e - 3 potions of haste
 l - 2 potions of might
 n - a potion of agility
 o - a potion of heal wounds
Comestibles
 f - 3 bread rations
 k - 4 fruits


   Skills:
 * Level 3.5 Fighting
 + Level 3.9 Long Blades
 - Level 1.7 Throwing
 * Level 4.7 Dodging


You had 5 spell levels left.
You didn't know any spells.

Dungeon Overview and Level Annotations

Branches:
Dungeon (4/15)
 Temple: D:4-7

Altars:

Annotations:
D:4 Pikel


Innate Abilities, Weirdness & Mutations

You have sharp fingernails.
You are partially covered in thin metallic scales. (AC +2)
You sometimes gain power by taking damage.


Message History

Unknown command.
You slash Pikel!
Pikel is moderately wounded.
Pikel closely misses you. The slave hits you.
Unknown command.
You hit Pikel.
Pikel is moderately wounded.
Pikel hits you with a whip of electrocution!
You are electrocuted!
The slave barely misses you. The slave hits you!
* * * LOW HITPOINT WARNING * * *
The slave barely misses you.
Unknown command.
You hit Pikel.
Pikel is heavily wounded.
Pikel misses you. The slave hits you.
* * * LOW HITPOINT WARNING * * *
The slave hits you but does no damage. The slave hits you.
* * * LOW HITPOINT WARNING * * *
Pikel hits you with a whip of electrocution!
You die...

.. ####.#.##.# # ...#
#.#..# ##. #..# #<#.##
...########..#### ###.#
....$.....#..##.. #.#
..............#.#####.#
......................#
......pp...#..#.#######
.....pp@...#.>#.#
##'...K###.#....#
..'.... ##.#.#..#
###.... #....#..#
..........##...#
.......##.###...#
....#.#... .).##
#+###$#.## #...# #.
#...#


You could see Pikel and 4 slaves.

Vanquished Creatures
  A howler monkey (D:3)
  An orc priest (D:3)
  A jelly (D:3)
  An iguana (D:3)
  5 adders
  4 gnolls (D:2)
  2 oozes
  2 worms (D:3)
  3 dart slugs
  A giant gecko (D:3)
  2 orcs (D:3)
  8 goblins
  7 hobgoblins
  10 kobolds
  A ball python (D:1)
  9 bats
  4 giant newts
  3 rats
65 creatures vanquished.

Notes
Turn   | Place    | Note
-------+----------+-------------------------------------------
     0 | D:1      | matakusis the Demonspawn Gladiator began the quest for the Orb.
     0 | D:1      | Reached XP level 1. HP: 16/16 MP: 1/1
    72 | D:1      | Gained mutation: You sometimes gain a little power by taking damage. [demonic ancestry]
    72 | D:1      | Reached XP level 2. HP: 16/22 MP: 2/2
   212 | D:1      | Reached skill level 3 in Dodging
   410 | D:1      | Gained mutation: You are partially covered in thin metallic scales. (AC +2) [demonic ancestry]
   410 | D:1      | Reached XP level 3. HP: 21/28 MP: 3/3
   704 | D:2      | Gained mutation: You have sharp fingernails. [demonic ancestry]
   704 | D:2      | Reached XP level 4. HP: 19/34 MP: 4/4
  1451 | D:3      | Reached skill level 4 in Dodging
  1451 | D:3      | Reached XP level 5. HP: 26/41 MP: 5/5
  2297 | D:3      | Gained mutation: You sometimes gain power by taking damage. [demonic ancestry]
  2297 | D:3      | Reached XP level 6. HP: 47/47 MP: 6/6
  2408 | D:4      | Noticed a slave
  2412 | D:4      | Noticed Pikel
  2412 | D:4      | Noticed a slave
  2413 | D:4      | Noticed a slave
  2413 | D:4      | Noticed a slave
  2419 | D:4      | HP: 2/47 [slave[Pikel] (2)]
  2419 | D:4      | Mangled by Pikel

Vault maps used:
D:1:      lightli_arrival_quake, minmay_heptomino_w4
D:2:      first_bread
D:4:      grunt_temple_overflow_octagram, uniq_pikel

Skill      XL: |  1  2  3  4 |
---------------+-------------+-----
Long Blades    | 3 |  3.9
Dodging        | 3 4 |  4.7
Fighting       | 3 |  3.5
Throwing       | |  1.7

Action                   |  1- 3 |  4- 6 || total
-------------------------+-------+-------++-------
Melee: Long sword        |   107 |   157 ||   264
Throw: Throwing net      |       |     1 ||     1
  Use: Scroll            |       |    11 ||    11
       Potion            |       |     1 ||     1
 Stab: Sleeping          |       |     1 ||     1
  Eat: Chunk             |       |     6 ||     6
Armor: Leather armour    |    31 |    42 ||    73
Dodge: Dodged            |    63 |    97 ||   160
